 Dungeon Crawl Stone Soup version 0.29.1-1-gd02db6906a (webtiles) character file.

Game seed: 8958434194183098069

874692 Lutefisk the Conqueror (level 27, 0/158 (174) HPs)
             Began as a Vine Stalker Brigand on Oct 15, 2022.
             Was the Champion of the Shining One.
             Succumbed to poison (dark miasma)
             ... on level 6 of Tartarus.
             The game lasted 04:57:38 (42378 turns).

Lutefisk the Conqueror (Vine Stalker Brigand)      Turns: 42378, Time: 04:57:39

HP:   0/158 (174)   AC: 62    Str: 24 (30) XL:     27
MP:   18/28         EV: 14    Int:  7      God:    the Shining One [******]
Gold: 7375          SH: 29    Dex: 13 (16) Spells: 26/26 levels left

rFire   + . .      SeeInvis .   a - +9 broad axe (holy)
rCold   + + +      Faith    .   Z - +8 tower shield {AC+3}
rNeg    + + +      Spirit   +   M - +20 crystal plate armour of Intercession {+Inv}
rPois   +          Reflect  .   b - -2 hat of the Alchemist {rElec rPois rF+ rC+ rN+ Will+ rMut rCorr}
rElec   +          Harm     .   k - +2 cloak {rCorr}
rCorr   +          Rampage  +   W - +2 pair of gloves
rMut    +                       u - +2 pair of boots {rampage}
Will    ++...                   A - amulet of regeneration
Stlth   ..........              m - ring "Kataesax" {rC++ rN+++ rCorr EV+4 Int-4}
HPRegen 1.96/turn               Q - +6 ring of strength
MPRegen 0.21/turn

@: lethally poisoned (0 -> -13), slowed, glowing, studying Evocations, drained,
weak-willed, very slow
A: fangs 3, regeneration 1, magic shield, antimagic bite, no potion heal 2,
clumsy 2, low MP 2
}: 10/15 runes: decaying, serpentine, slimy, silver, abyssal, demonic, glowing,
magical, fiery, dark
a: Renounce Religion, Evoke Invisibility, Divine Shield, Cleansing Flame, Summon
Divine Warrior


You were on level 6 of Tartarus.
You worshipped the Shining One.
The Shining One was exalted by your worship.
You visited 15 branches of the dungeon, and saw 64 of its levels.
You visited Pandemonium 2 times, and saw 35 of its levels.
You visited the Abyss 1 time.
You visited 1 bazaar.
You also visited: Ossuary, Gauntlet and Wizlab.

You collected 10644 gold pieces.
You spent 3269 gold pieces at shops.

Inventory:

Hand Weapons
 a - a +9 broad axe of holy wrath (weapon)
 c - a +9 quick blade of protection
Missiles
 d - 13 javelins
 e - 31 curare-tipped darts (quivered)
 l - 3 throwing nets
 D - 4 poisoned darts
 O - 5 silver javelins
Armour
 b - the -2 hat of the Alchemist (worn) {rElec rPois rF+ rC+ rN+ Will+ rMut rCorr}
   (You found it in a wizard's laboratory)

   rF:        It protects you from fire.
   rC:        It protects you from cold.
   rElec:     It insulates you from electricity.
   rPois:     It protects you from poison.
   rN:        It protects you from negative energy.
   rCorr:     It protects you from acid and corrosion.
   rMut:      It protects you from mutation.
   Will:      It increases your willpower.
 k - a +2 cloak of preservation (worn)
 u - a +2 pair of boots of rampaging (worn)
 M - the +20 crystal plate armour of Intercession (worn) {+Inv}
   (You found it on level 1 of the Orcish Mines)

   +Inv:      It lets you turn invisible.
 R - a scarf of shadows
 W - a +2 pair of gloves (worn)
 X - the +9 scales of the Dragon King {rPois rF+ rC+ Will+}
   (You took it off a minotaur in a Gauntlet)

   rF:        It protects you from fire.
   rC:        It protects you from cold.
   rPois:     It protects you from poison.
   Will:      It increases your willpower.
 Z - a +8 tower shield of protection (worn)
Jewellery
 m - the ring "Kataesax" (left hand) {rC++ rN+++ rCorr EV+4 Int-4}
   (You acquired it on level 3 of the Elven Halls)

   [ring of evasion]

   EV:        It affects your evasion (+4).
   Int:       It affects your intelligence (-4).
   rC:        It greatly protects you from cold.
   rN:        It renders you almost immune to negative energy.
   rCorr:     It protects you from acid and corrosion.
 x - a ring of protection from fire
 A - an amulet of regeneration (around neck)
 P - the ring "Hath" {Dex+4 SInv}
   (You found it on level 4 of the Lair of Beasts)

   [ring of see invisible]

   Dex:       It affects your dexterity (+4).
   SInv:      It lets you see invisible.
 Q - a +6 ring of strength (right hand)
Wands
 o - a wand of digging (7)
 s - a wand of roots (11)
 B - a wand of acid (35)
 S - a wand of mindburst (48)
Scrolls
 g - 18 scrolls of teleportation
 p - 4 scrolls of magic mapping
 v - 7 scrolls of poison
 y - 2 scrolls of butterflies
 C - 6 scrolls of summoning
 F - 17 scrolls of immolation
 G - 2 scrolls of enchant armour
 H - 11 scrolls of vulnerability
 U - 3 scrolls of enchant weapon
Potions
 f - 2 potions of attraction
 h - 9 potions of might
 i - 33 potions of curing
 j - 3 potions of magic
 n - 8 potions of cancellation
 q - 5 potions of resistance
 w - 3 potions of brilliance
 z - 8 potions of berserk rage
 E - 11 potions of flight
 I - 9 potions of ambrosia
 J - 33 potions of mutation
 K - 8 potions of haste
 N - 15 potions of lignification
Miscellaneous
 r - a condenser vane
 t - a phial of floods
 L - a box of beasts
 T - a lightning rod (4/4)
 V - a phantom mirror
 Y - a tin of tremorstones (2/2)


   Skills:
 O Level 27 Fighting
 - Level 2.0 Short Blades
 - Level 18.0 Axes
 - Level 10.0 Throwing
 - Level 24.0 Armour
 - Level 14.0 Dodging
 - Level 14.0 Stealth
 * Level 21.0 Shields
 - Level 15.0 Invocations
 - Level 12.0 Evocations


You had 26 spell levels left.
You didn't know any spells.
Your spell library contained the following spells:

 Spells                   Type           Power      Damage    Failure   Level
 Foxfire                  Conj/Fire      0%         2x1d4     100%        1
 Sandblast                Erth           0%         2d4       100%        1
 Shock                    Conj/Air       0%         1d3       100%        1
 Slow                     Hex            0%         N/A       100%        1
 Sting                    Tmut/Pois      0%         1d3       100%        1
 Blink                    Tloc           0%         N/A       100%        2
 Call Imp                 Summ           0%         N/A       100%        2
 Ensorcelled Hibernation  Hex/Ice        0%         N/A       100%        2
 Passwall                 Tmut/Erth      0%         N/A       100%        2
 Poisonous Vapours        Pois/Air       0%         N/A       100%        2
 Scorch                   Fire           0%         2d5       100%        2
 Static Discharge         Conj/Air       0%         3-3/arc   100%        2
 Call Canine Familiar     Summ           0%         N/A       100%        3
 Confusing Touch          Hex            0%         N/A       100%        3
 Conjure Flame            Conj/Fire      0%         6-21      100%        3
 Dazzling Flash           Conj/Hex       0%         N/A       100%        3
 Gell's Gravitas          Tloc           0%         N/A       100%        3
 Ignite Poison            Fire/Tmut/Pois 0%         N/A       100%        3
 Inner Flame              Hex/Fire       0%         N/A       100%        3
 Lesser Beckoning         Tloc           0%         N/A       100%        3
 Mephitic Cloud           Conj/Pois/Air  0%         N/A       100%        3
 Ozocubu's Armour         Ice            0%         N/A       100%        3
 Portal Projectile        Hex/Tloc       0%         N/A       100%        3
 Spider Form              Tmut/Pois      0%         N/A       100%        3
 Stone Arrow              Conj/Erth      0%         3d7       100%        3
 Summon Guardian Golem    Hex/Summ       0%         N/A       100%        3
 Swiftness                Air            0%         N/A       100%        3
 Teleport Other           Tloc           0%         N/A       100%        3
 Tukima's Dance           Hex            0%         N/A       100%        3
 Vampiric Draining        Necr           0%         2d6       100%        3
 Airstrike                Air            0%         2d(0-16)  100%        4
 Anguish                  Hex/Necr       0%         N/A       100%        4
 Cause Fear               Hex            0%         N/A       100%        4
 Flame Wave               Conj/Fire      0%         2d4       100%        4
 Fulminant Prism          Conj/Hex       0%         3d6       100%        4
 Ice Form                 Ice/Tmut       0%         N/A       100%        4
 Iskenderun's Mystic Bla  Conj/Tloc      0%         2d3       100%        4
 Leda's Liquefaction      Hex/Erth       0%         N/A       100%        4
 Passage of Golubria      Tloc           0%         N/A       100%        4
 Sticky Flame             Conj/Fire      0%         2d3       100%        4
 Summon Ice Beast         Ice/Summ       0%         N/A       100%        4
 Summon Lightning Spire   Summ/Air       0%         N/A       100%        4
 Agony                    Necr           0%         N/A       100%        5
 Blade Hands              Tmut           0%         N/A       100%        5
 Borgnjor's Vile Clutch   Necr/Erth      0%         N/A       100%        5
 Fireball                 Conj/Fire      0%         3d3       100%        5
 Irradiate                Conj/Tmut      0%         3d11      100%        5
 Iskenderun's Battlesphe  Conj           0%         2d6       100%        5
 Lee's Rapid Deconstruct  Erth           0%         3d5*      100%        5
 Lightning Bolt           Conj/Air       0%         1d11      100%        5
 Manifold Assault         Tloc           0%         N/A       100%        5
 Metabolic Englaciation   Hex/Ice        0%         N/A       100%        5
 Silence                  Hex/Air        0%         N/A       100%        5
 Summon Forest            Summ/Tloc      0%         N/A       100%        5
 Summon Mana Viper        Hex/Summ       0%         N/A       100%        5
 Yara's Violent Unravell  Hex/Tmut       0%         3d3       100%        5
 Conjure Ball Lightning   Conj/Air       0%         3x3d6     100%        6
 Dispersal                Tloc           0%         N/A       100%        6
 Eringya's Noxious Bog    Tmut/Pois      0%         N/A       100%        6
 Simulacrum               Ice/Necr       0%         N/A       100%        6
 Starburst                Conj/Fire      0%         6d3       100%        6
 Summon Cactus Giant      Summ           0%         N/A       100%        6
 Dragon Form              Tmut           0%         N/A       100%        7
 Enfeeble                 Hex            0%         N/A       100%        7
 Haunt                    Necr/Summ      0%         N/A       100%        7
 Monstrous Menagerie      Summ           0%         N/A       100%        7
 Orb of Destruction       Conj           0%         9d5       100%        7
 Ozocubu's Refrigeration  Ice            0%         4d7       100%        7
 Summon Hydra             Summ           0%         N/A       100%        7
 Discord                  Hex            0%         N/A       100%        8
 Ignition                 Fire           0%         3d3       100%        8
 Maxwell's Capacitive Co  Air            0%         ∞         100%        8
 Necromutation            Tmut/Necr      0%         N/A       100%        8
 Summon Horrible Things   Summ           0%         N/A       100%        8
 Chain Lightning          Conj/Air       0%         N/A       100%        9
 Dragon's Call            Summ           0%         N/A       100%        9


Dungeon Overview and Level Annotations

Branches:
Dungeon (15/15)            Temple (1/1) D:4            Lair (5/5) D:11
  Swamp (4/4) Lair:2        Snake (4/4) Lair:2        Slime (5/5) Lair:5
    Orc (2/2) D:10            Elf (3/3) Orc:2        Vaults (5/5) D:14
  Crypt (3/3) Vaults:3       Tomb (1/3) Crypt:3      Depths (4/4) D:15
   Hell (visited)             Coc (0/7) Hell            Tar (6/7) Hell
    Zot (5/5) Depths:4    Ossuary (visited)          WizLab (visited)
Gauntlet (visited)
    Dis: Hell:1         Geh: Hell:1

Altars:
Ashenzari
Cheibriados
Dithmenos
Elyvilon
Fedhas
Gozag
Hepliaklqana
Kikubaaqudgha
Makhleb
Nemelex Xobeh
Okawaru
Qazlal
Ru
Sif Muna
Trog
Uskayaw
Vehumet
Wu Jian
Xom
Yredelemnul
Zin
The Shining One
Jiyva

Shops:
D:5 (   D:6 *:[(   D:10 (   Orc:2 =[!*   Elf:3 =   Vaults:4 **(   Vaults:5 !!

Portals:
Hell: Depths:1 Depths:4
Abyss: Depths:3
Pandemonium: Orc:2 Depths:3
Ziggurat: Depths:1

Annotations:
D:15 Jorgrun
Lair:4 2 transporters, Godmorgon's ghost, journeyman TeCj
Swamp:4 Mara
Elf:1 3 runed translucent doors


Innate Abilities, Weirdness & Mutations

You have razor-sharp teeth.
Your natural rate of healing is unusually fast.
When hurt, damage is shared between your health and your magic reserves.
Your bite disrupts and absorbs the magic of your enemies.
Potions cannot restore your health.
You are very clumsy. (Dex -4)
Your magical capacity is very low. (-20% MP)


Message History

You slash the tainted leviathan!
The tainted leviathan convulses.
You bite the tainted leviathan! You drain its power.
You feel invigorated.
The tainted leviathan is heavily damaged.
You are engulfed in dark miasma.
You are more poisoned.
You feel as though you will be slow longer.
* * * LOW HITPOINT WARNING * * *
You feel extremely sick.
You block the tainted leviathan's attack.
The tainted leviathan hits you but does no damage.
You slash the tainted leviathan!
The tainted leviathan convulses.
You bite the tainted leviathan!! You drain its power.
The tainted leviathan is severely damaged.
You are engulfed in dark miasma.
You are more poisoned.
You feel as though you will be slow longer.
* * * LOW HITPOINT WARNING * * *
x2 You feel extremely sick.
Your system rejects the healing.
You feel better.
The tainted leviathan hits you but does no damage.
The tainted leviathan misses you.
You hit the tainted leviathan.
The tainted leviathan convulses.
You bite the tainted leviathan, but do no damage.
The tainted leviathan is severely damaged.
You are engulfed in dark miasma.
You are poisoned.
* * * LOW HITPOINT WARNING * * *
You feel extremely sick.
You block the tainted leviathan's attack.
The tainted leviathan hits you.
Magic scrolls do not work when you're silenced!
You slice the tainted leviathan!!
The tainted leviathan convulses!!
You destroy the tainted leviathan!
The Shining One accepts your kill.
You are engulfed in dark miasma.
You are lethally poisoned!
* * * LOW HITPOINT WARNING * * *
x2 You feel extremely sick.
Okay, then.
You die...

##############
.......°°○..∩#
.......°@°...#
^.....(○°☼...#
.............#
......##.....#
......#......#
.....###.....#
..... ......#
..... #......#
#......#


There were no monsters in sight!

Vanquished Creatures
  Cerebov (Pan)
  the Royal Jelly (Slime:5)
  Gloorx Vloq (Pan)
  Dissolution (Slime:3)
  Mnoleg (Pan)
  Lom Lobon (Pan)
  3 dread liches
  4 ancient liches
  4 orbs of fire (Zot:5)
  3 royal mummies (Tomb:1)
  Vv (Depths:1)
  4 Killer Klowns (Zot:5)
  Frederick (Vaults:4)
  2 pandemonium lords (Pan)
  Geryon (Hell)
  Jory (Vaults:4)
  2 curse toes
  3 golden dragons
  A mutant beast (WizLab)
  6 profane servitors
  8 Tzitzimimeh
  An electric golem (Zot:2)
  4 doom hounds
  7 bone dragons
  A spectral shard shrike (Tar:3)
  3 hellephants
  2 Brimstone Fiends (Pan)
  Rupert (Lair:3)
  4 Hell Sentinels (Pan)
  An Ice Fiend (Pan)
  A walking crystal tome (Depths:2)
  10 tentacled monstrosities
  5 tainted leviathans
  20 Orb Guardians (Zot:5)
  A kraken (Abyss:4)
  5 titans (Vaults:5)
  2 deep elf master archers (Elf:3)
  2 deep elf blademasters
  2 quicksilver dragons (Vaults:5)
  6 liches
  23 Executioners
  4 tentacled starspawn
  4 death cobs
  10 ancient champions
  6 sphinxes
  17 acid blobs
  A thorn hunter (Swamp:4)
  6 tengu reavers
  10 shadow dragons
  16 storm dragons
  4 nagarajas (Snake:4)
  2 revenants (Tomb:1)
  6 azure jellies (Slime:5)
  Agnes (Elf:1)
  5 demonspawn warmongers (Pan)
  3 draconian monks
  A fenstrider witch (Swamp:3)
  6 daevas (Pan)
  11 draconian knights
  13 rockslimes
  4 frost giants
  12 vault wardens
  7 fire giants
  3 draconian scorchers
  3 orc warlords
  19 balrugs
  An iron dragon (Vaults:5)
  4 deep elf elementalists
  3 deep elf sorcerers
  5 ghost moths
  16 cacodemons
  6 draconian shifters
  2 curse skulls
  Louise (Swamp:2)
  5 draconian annihilators
  15 quicksilver oozes
  17 ironbound preservers
  2 spectral caustic shrikes
  3 draconian stormcallers
  2 spriggan defenders (Depths:1)
  3 angels (Pan)
  3 demonspawn corrupters (Pan)
  17 reapers
  9 vampire knights
  3 ironbound thunderhulks
  4 war gargoyles
  6 demonspawn blood saints (Pan)
  5 ophanim (Pan)
  8 green draconians
  25 very ugly things
  11 stone giants
  8 apis (Pan)
  Nessos (D:12)
  5 putrid mouths
  An entropy weaver (Vaults:1)
  8 demonspawn black suns (Pan)
  12 deep elf demonologists
  10 yellow draconians
  9 deep elf annihilators
  A minotaur (Gauntlet)
  5 purple draconians
  14 lorocyprocas (Pan)
  2 pale draconians (Depths:4)
  4 spark wasps (Depths:2)
  A minotaur (shapeshifter) (Vaults:5)
  5 dire elephants (Vaults:2)
  9 black draconians
  3 red draconians
  2 eleionomae
  4 bunyips
  8 white draconians
  11 deep elf death magi
  A crystal guardian (Vaults:4)
  9 ettins
  13 blizzard demons
  8 mummy priests (Tomb:1)
  3 eidola
  The ghost of Persephone the Bludgeoner, a journeyman DsBe of Trog (Orc:2)
  A merfolk impaler (Depths:1)
  8 great orbs of eyes
  3 fire dragons
  14 green deaths
  A shambling mangrove (Abyss:4)
  7 jiangshi
  13 yaktaur captains
  A spectral fenstrider witch (Tar:2)
  A deep elf high priest (Elf:1)
  A kraken zombie (Hell)
  4 spriggan air magi
  A peacekeeper (Vaults:4)
  33 vault guards
  21 hydras
  An ogre mage (Vaults:5)
  2 boulder beetles
  2 spectral spriggans
  7 rakshasas
  3 demonspawn (Orc:2)
  7 salamander tyrants
  3 hell beasts (Pan)
  Erolcha (D:13)
  A juggernaut simulacrum (Crypt:2)
  8 ice dragons
  2 ghost crabs
  2 catoblepae (Lair:5)
  2 spriggan skeletons (Pan)
  7 alligators
  An alligator (shapeshifter) (Vaults:5)
  2 fenstrider witch skeletons
  15 centaur warriors
  14 anacondas
  30 dancing weapons
  3 ironbound frosthearts
  3 death knights
  11 death scarabs (Tomb:1)
  24 death yaks
  16 naga warriors
  7 two-headed ogres
  3 spriggan berserkers
  9 deep troll shamans
  6 thrashing horrors
  6 deep troll earth magi
  8 vampire magi
  Urug (Lair:3)
  11 deep elf knights
  5 orc high priests (Orc:2)
  9 shock serpents
  2 tengu warriors
  A spectral naga (Tar:1)
  A fire crab (Abyss:4)
  19 hell knights
  34 soul eaters
  51 sun demons (Pan)
  7 naga sharpshooters
  19 skeletal warriors
  A wretched star (Abyss:4)
  14 shadow wraiths
  22 sixfirhies
  A titan skeleton (Pan)
  10 iron trolls
  A cherub (Pan)
  2 spectral anacondas
  A storm dragon skeleton (Hell)
  4 spriggan druids
  65 deep trolls
  An orb spider (Abyss:2)
  A spectral hydra (Tar:3)
  8 glowing orange brains
  3 salamander mystics (Snake:3)
  Lodul (D:14)
  A bunyip skeleton (Crypt:2)
  4 shadow demons (Pan)
  6 flayed ghosts
  6 wizards
  An anaconda zombie (Hell)
  4 goliath frogs
  8 swamp dragons
  Pikel (D:7)
  10 naga ritualists
  10 ironbound convokers
  A sea snake (shapeshifter) (Vaults:5)
  An anaconda skeleton (Pan)
  17 orc knights
  12 deep elf archers
  6 phantasmal warriors
  2 bog bodies
  10 necromancers
  10 lindwurms
  24 deep elf pyromancers
  39 ugly things
  A broodmother zombie (Crypt:3)
  A sphinx zombie (Depths:3)
  23 deep elf zephyrmancers
  A wolf spider zombie (D:15)
  13 mana vipers
  8 orc sorcerers
  A cyclops (shapeshifter) (WizLab)
  A sphinx skeleton (Crypt:1)
  10 will-o-the-wisps
  3 shining eyes (Slime:5)
  26 salamanders
  8 manticores
  11 moths of wrath
  A moth of wrath (shapeshifter) (WizLab)
  8 cyclopes
  A spectral alligator snapping turtle (Tar:2)
  3 guardian serpents
  2 rust devils
  46 black mambas
  An alligator snapping turtle zombie (Crypt:2)
  A dire elephant zombie (Crypt:1)
  A spectral iron troll (Crypt:1)
  3 black mambas (shapeshifter)
  27 smoke demons (Pan)
  19 orange demons
  13 elephants
  18 vault sentinels
  22 naga magi
  3 centaur skeletons
  An apocalypse crab (Abyss:4)
  5 gargoyles
  4 hellions
  An elephant slug zombie (Crypt:2)
  2 unseen horrors (Pan)
  Maggie (Lair:2)
  An alligator snapping turtle skeleton (Pan)
  A dire elephant skeleton (Pan)
  A catoblepas zombie (Crypt:1)
  11 komodo dragons
  2 sea snake zombies (Hell)
  7 cane toads
  2 cane toads (shapeshifter)
  3 efreet (Pan)
  An unseen horror (shapeshifter) (WizLab)
  A yaktaur (shapeshifter) (WizLab)
  A death yak skeleton (Crypt:3)
  6 freezing wraiths
  A rime drake (Lair:5)
  3 demonic crawlers (Pan)
  47 yaktaurs
  A spark wasp simulacrum (Depths:3)
  5 ice devils
  2 spectral deep trolls (Crypt:1)
  2 kobold demonologists (D:10)
  A golden dragon simulacrum (Depths:3)
  A silent spectre (Orc:1)
  A catoblepas skeleton (Crypt:1)
  10 tormentors
  A purple draconian skeleton (Crypt:1)
  2 tengu conjurers
  6 trolls
  5 ancient zymes
  4 spectral harpies
  19 hellwings
  8 guardian mummies
  8 tyrant leeches
  3 polar bears (Lair:5)
  A meliai (shapeshifter) (WizLab)
  8 red devils
  3 harpy zombies
  A polar bear (shapeshifter) (WizLab)
  A merfolk (shapeshifter) (Gauntlet)
  A hydra skeleton (Hell)
  2 trolls (shapeshifter)
  A queen bee (Gauntlet)
  16 hornets
  13 raiju
  14 dream sheep
  2 harpy skeletons
  A tarantella (shapeshifter) (WizLab)
  42 slime creatures
  A hornet (shapeshifter) (D:14)
  A blink frog (shapeshifter) (WizLab)
  29 blink frogs
  2 alligator zombies (Hell)
  A slime creature (shapeshifter) (Vaults:5)
  14 flying skulls
  A culicivora (Vaults:1)
  A centaur simulacrum (D:15)
  An alligator skeleton (Hell)
  18 ynoxinuls
  Eustachio (D:5)
  An ettin skeleton (Abyss:3)
  18 spriggans
  A black mamba zombie (Tomb:1)
  9 wyverns
  9 water elementals
  6 air elementals
  A hog (shapeshifter) (WizLab)
  4 yaks (shapeshifter)
  42 yaks
  A basilisk (shapeshifter) (WizLab)
  3 humans (shapeshifter) (WizLab)
  7 wraiths
  2 vampires
  5 fire bats
  19 neqoxecs
  8 golden eyes
  8 basilisks
  An iron golem (WizLab)
  4 steam dragons
  4 fire elementals
  15 chaos spawn
  2 golden eyes (shapeshifter) (WizLab)
  11 vampire mosquitoes
  A sea snake simulacrum (Hell)
  A warg (Orc:2)
  59 nagas
  A naga zombie (Tomb:1)
  19 swamp worms
  An acid dragon (D:11)
  41 large abominations
  15 water moccasins
  8 hell hounds
  5 swamp drakes
  A black bear (shapeshifter) (WizLab)
  4 floating eyes (WizLab)
  2 ice beasts
  29 orc warriors
  A sky beast (shapeshifter) (WizLab)
  11 starcursed masses
  A black bear (D:5)
  10 ogres
  17 centaurs
  23 wolves
  A swamp dragon skeleton (Crypt:3)
  A phantom (D:4)
  A torpor snail zombie (Crypt:1)
  2 lemures (D:7)
  5 kobold brigands
  2 necrophages (D:6)
  11 bullfrogs
  3 scorpions
  A glowing shapeshifter simulacrum (Depths:3)
  4 earth elementals
  7 water moccasin zombies
  16 wights
  A queen bee zombie (Crypt:1)
  12 killer bees
  A troll skeleton (Crypt:3)
  A polar bear skeleton (Crypt:2)
  A yak skeleton (Crypt:3)
  A vampire bat (D:10)
  4 howler monkeys
  2 centaur zombies
  2 quasits
  8 small abominations
  4 hounds
  2 jellies
  A gnoll bouda (Lair:4)
  24 orc priests
  2 iguanas
  Ijyb (D:5)
  Natasha (D:2)
  19 orc wizards
  An acid dragon zombie (Crypt:3)
  A tengu skeleton (Crypt:2)
  24 mummies
  A howler monkey skeleton (Crypt:3)
  Robin (D:2)
  7 adders
  A shadow imp (Gauntlet)
  5 white imps
  An ufetubus (Abyss:3)
  4 adder zombies (Ossuary)
  A dart slug (D:3)
  69 orcs
  2 bat skeletons (D:10)
  4 bat zombies (D:10)
  10 endoplasms
  A giant cockroach (D:1)
  6 gnoll zombies (Ossuary)
  10 goblins
  4 hobgoblins
  6 jackals
  10 kobolds
  3 quokkas
  4 ball pythons
  2 bats (D:2)
  A frilled lizard (D:1)
  A goblin skeleton (Crypt:3)
  A goblin zombie (D:5)
  5 hobgoblin zombies (Ossuary)
  2 kobold zombies (Ossuary)
  An orc zombie (Ossuary)
  A quokka zombie (Crypt:2)
  6 rats
  A rat zombie (D:5)
  11 briar patches (Lair:4)
  9 starspawn tentacles
  A tentacle (Abyss:4)
2865 creatures vanquished.

Vanquished Creatures (collateral kills)
  the Lernaean hydra (Swamp:4)
  A vault warden (Vaults:4)
  A balrug (Pan)
  A blizzard demon (Pan)
  2 hydras
  3 soul eaters (Pan)
  A sixfirhy (Pan)
  A swamp dragon (Swamp:4)
  An orc knight (Orc:2)
  A yaktaur (Vaults:4)
  A tormentor (Pan)
  2 tengu conjurers (D:14)
  A hellwing (Orc:2)
  An orc warrior (Orc:2)
  A swamp drake (Swamp:4)
  An orc priest (Orc:2)
  3 ball lightnings (Pan)
  A block of ice (Pan)
24 creatures vanquished.

Vanquished Creatures (others)
  An eldritch tentacle (Pan)
  A balrug (Pan)
  A rakshasa (Pan)
  A spriggan air mage (Pan)
  2 deep elf knights (Elf:1)
  The ghost of Lutefisk the Zephyrmancer, a novice TeAE of Sif Muna (D:10)
  A sixfirhy (Pan)
  A wizard (Pan)
  A deep elf archer (Elf:2)
  A deep elf zephyrmancer (Elf:1)
  A kobold demonologist (D:10)
  A bloated husk (Swamp:1)
  A raiju (Abyss:3)
  2 dream sheep (Lair:5)
  A fire elemental (Abyss:4)
  A swamp drake (Swamp:4)
  3 kobold brigands (D:10)
  An orc priest (Elf:1)
  An orc (Elf:1)
  3 ball lightnings (Pan)
  14 briar patches
  47 foxfires
  27 fungi
  179 plants
  14 starspawn tentacles
  7 tentacles
314 creatures vanquished.

Grand Total: 3203 creatures vanquished

Notes
Turn   | Place    | Note
-------+----------+-------------------------------------------
     0 | D:1      | Lutefisk the Vine Stalker Brigand began the quest for the
                  | Orb.
     0 | D:1      | Reached XP level 1. HP: 11/11 MP: 2/2
   116 | D:1      | Reached skill level 5 in Stealth
   179 | D:1      | Reached skill level 2 in Fighting
   278 | D:1      | Reached XP level 2. HP: 12/15 MP: 3/3
   579 | D:2      | Reached XP level 3. HP: 11/19 MP: 4/4
   670 | D:2      | Reached skill level 3 in Fighting
   733 | D:2      | Noticed Robin
   742 | D:2      | Killed Robin
  1028 | D:2      | Found a shimmering altar of Xom.
  1062 | D:2      | Noticed Natasha
  1064 | D:2      | Killed Natasha
  1065 | D:2      | Reached skill level 4 in Fighting
  1065 | D:2      | Gained mutation: Your natural rate of healing is unusually
                  | fast. [Vine Stalker growth]
  1065 | D:2      | Reached XP level 4. HP: 22/25 MP: 5/5
  1173 | D:3      | Found a stormy altar of Qazlal.
  1602 | D:4      | Reached XP level 5. HP: 25/29 MP: 6/6
  1612 | D:4      | Noticed a phantom
  1613 | D:4      | Found an iron altar of Okawaru.
  1615 | D:4      | Reached skill level 1 in Dodging
  1619 | D:4      | Killed a phantom
  1620 | D:4      | Reached XP level 6. HP: 34/34 MP: 7/7
  1664 | D:4      | Found a staircase to the Ecumenical Temple.
  1673 | Temple   | Entered the Ecumenical Temple
  1721 | Temple   | Became a worshipper of the Wu Jian Council
  1794 | D:4      | Found a glowing silver altar of Zin.
  1909 | D:5      | Entered Level 5 of the Dungeon
  1975 | D:5      | Noticed Eustachio
  1982 | D:5      | Killed Eustachio
  1983 | D:5      | Reached skill level 5 in Fighting
  1983 | D:5      | Reached XP level 7. HP: 39/39 MP: 8/8
  2053 | D:5      | Found Ypsi's Antique Weapon Shop.
  2235 | D:5      | Found a sand-covered staircase.
  2242 | Ossuary  | Entered an ossuary
  2361 | Ossuary  | Reached * piety under Wu Jian
  2377 | Ossuary  | Reached skill level 10 in Stealth
  2401 | Ossuary  | Gained mutation: You have razor-sharp teeth. [Vine Stalker
                  | growth]
  2401 | Ossuary  | Reached XP level 8. HP: 31/43 MP: 5/9
  2413 | Ossuary  | Reached skill level 1 in Evocations
  2524 | D:5      | Noticed Ijyb
  2527 | D:5      | Killed Ijyb
  2531 | D:5      | Found a sacrificial altar of Ru.
  2531 | D:5      | Found a shadowy altar of Dithmenos.
  2681 | D:6      | Found Ximuot's Antique Armour Shop.
  2748 | D:6      | Reached skill level 6 in Fighting
  2771 | D:6      | Found Rittiucw's Weapon Shop.
  2843 | D:6      | Found Asyod's Book Emporium.
  2919 | D:6      | Reached skill level 7 in Fighting
  2934 | D:6      | Found a white marble altar of Elyvilon.
  2945 | D:6      | Found Qugiynn's Assorted Antiques.
  2950 | D:6      | Reached ** piety under Wu Jian
  2962 | D:6      | Bought a fizzy brown potion for 27 gold pieces
  2962 | D:6      | Bought a metallic orange potion for 27 gold pieces
  2962 | D:6      | Bought a scroll labelled HATRUU HOGGI for 30 gold pieces
  2962 | D:6      | Bought a yellow potion for 27 gold pieces
  3086 | D:7      | Identified the +8 chain mail of the Sky {Rampage rElec
                  | Dex-5}
  3117 | D:7      | Reached XP level 9. HP: 48/50 MP: 10/10
  3127 | D:7      | Noticed Pikel
  3134 | D:7      | Killed Pikel
  3175 | D:6      | Reached skill level 1 in Armour
  3470 | D:7      | Noticed a hornet
  3472 | D:7      | Killed a hornet
  3484 | D:7      | Reached skill level 8 in Fighting
  3765 | D:7      | Found a basalt altar of Yredelemnul.
  3868 | D:8      | Found a hazy altar of Hepliaklqana.
  4041 | D:8      | Reached XP level 10. HP: 53/56 MP: 9/11
  4328 | D:8      | Reached *** piety under Wu Jian
  4478 | D:9      | Reached skill level 9 in Fighting
  4576 | D:9      | Reached skill level 1 in Axes
  4713 | D:9      | Identified the +9 mace of Doasud {holy, Will+++ Str-5}
  4737 | D:9      | Found a blossoming altar of Fedhas.
  4812 | D:9      | Noticed a deep elf pyromancer
  4906 | D:10     | Entered Level 10 of the Dungeon
  4979 | D:10     | Found a staircase to the Orcish Mines.
  5176 | D:10     | Found a shimmering altar of Xom.
  5177 | D:10     | Found a shimmering altar of Xom.
  5177 | D:10     | Found a shimmering altar of Xom.
  5177 | D:10     | Found a shimmering altar of Xom.
  5185 | D:10     | Found a shimmering altar of Xom.
  5315 | D:10     | Reached **** piety under Wu Jian
  5326 | D:10     | Found an ancient bone altar of Kikubaaqudgha.
  5427 | D:10     | Reached XP level 11. HP: 62/62 MP: 10/12
  5459 | D:10     | Found Vafa Mud's Antique Weapon Shop.
  5467 | D:10     | Bought a scorched scimitar for 279 gold pieces
  5467 | D:10     | Identified the +1 scimitar "Backscratcher" {vamp, Int-5
                  | Dex+6} (You bought it in a shop on level 10 of the Dungeon)
  5691 | D:11     | Noticed a boulder beetle
  5903 | D:11     | Noticed a green ugly thing
  6094 | D:11     | Killed a boulder beetle
  6095 | D:11     | Reached skill level 10 in Fighting
  6095 | D:11     | Reached skill level 5 in Dodging
  6188 | D:11     | Noticed a two-headed ogre
  6194 | D:11     | Killed a two-headed ogre
  6316 | D:10     | Found a runed translucent gate.
  6316 | D:10     | Found a runed translucent gate.
  6317 | D:10     | Found a runed translucent gate.
  6318 | D:10     | Noticed Lutefisk's ghost (novice TeAE)
  6397 | D:9      | Killed a deep elf pyromancer
  6437 | D:9      | Found a hide-covered altar of Uskayaw.
  6847 | D:9      | Identified the +1 robe "Ilyguwk" {rC+ Will+ Str+4}
  7645 | D:11     | Killed a green ugly thing
  7693 | D:11     | Reached skill level 5 in Armour
  7734 | D:11     | Found a staircase to the Lair.
  7769 | Lair:1   | Entered Level 1 of the Lair of Beasts
  7837 | Lair:1   | Noticed a four-headed hydra
  7853 | Lair:1   | Killed a four-headed hydra
  7854 | Lair:1   | Reached XP level 12. HP: 27/67 MP: 3/13
  7858 | Lair:1   | Noticed a seven-headed hydra
  7865 | Lair:1   | Killed a seven-headed hydra
  7947 | Lair:1   | You fall into a shaft and drop 1 floor!
  8094 | Lair:2   | Found a gate leading to a gauntlet.
  8114 | Gauntlet | Entered a Gauntlet
  8114 | Gauntlet | Noticed a wretched star
  8114 | Gauntlet | Found a large runed translucent door.
  8114 | Gauntlet | Found a large runed translucent door.
  8114 | Gauntlet | Found a large runed translucent door.
  8114 | Gauntlet | Found a large runed translucent door.
  8114 | Gauntlet | Found a large runed translucent door.
  8114 | Gauntlet | Found a large runed translucent door.
  8114 | Gauntlet | Found a large runed translucent door.
  8114 | Gauntlet | Found a large runed translucent door.
  8114 | Gauntlet | Found a runed translucent door.
  8114 | Gauntlet | Found a runed translucent gate.
  8114 | Gauntlet | Found a transporter.
  8114 | Gauntlet | Found a transporter.
  8114 | Gauntlet | Found a runed translucent gate.
  8114 | Gauntlet | Found a transporter.
  8114 | Gauntlet | Found a transporter.
  8115 | Gauntlet | Found a runed translucent door.
  8115 | Gauntlet | Found a runed translucent gate.
  8117 | Gauntlet | Found a large runed translucent door.
  8117 | Gauntlet | Found a large runed translucent door.
  8117 | Gauntlet | Found a large runed translucent door.
  8117 | Gauntlet | Found a large runed translucent door.
  8118 | Gauntlet | Found a large runed translucent door.
  8118 | Gauntlet | Found a large runed translucent door.
  8119 | Gauntlet | Found a large runed translucent door.
  8119 | Gauntlet | Found a large runed translucent door.
  8134 | Gauntlet | Found a transporter.
  8136 | Gauntlet | Noticed a blizzard demon
  8144 | Gauntlet | Found a transporter.
  8164 | Gauntlet | Found the amulet of Vitality {RegenMP++ Regen++}
  8165 | Gauntlet | Found a transporter.
  8173 | Gauntlet | Found a transporter.
  8179 | Gauntlet | Found a transporter.
  8197 | Gauntlet | Found a transporter.
  8205 | Gauntlet | Found a transporter.
  8222 | Gauntlet | Found a transporter.
  8317 | Gauntlet | Identified the +1 pair of gloves "Nufeczei" {Contam Will+
                  | Int+3}
  8381 | Gauntlet | Reached skill level 5 in Evocations
  8388 | Gauntlet | Reached ***** piety under Wu Jian
  8484 | Gauntlet | Noticed a minotaur
  8494 | Gauntlet | Killed a minotaur
  8575 | Lair:2   | Noticed a four-headed hydra
  8627 | Lair:2   | Noticed Maggie
  8632 | Lair:2   | Killed Maggie
  8669 | Lair:2   | Noticed a death yak
  8707 | Lair:2   | Found a staircase to the Snake Pit.
  8709 | Lair:2   | Noticed a five-headed hydra
  8854 | Lair:3   | Noticed Urug
  8858 | Lair:3   | Killed Urug
  8867 | Lair:3   | Reached skill level 5 in Axes
  8933 | Lair:3   | Noticed Rupert
  8947 | Lair:4   | Found a transporter.
  8959 | Lair:4   | Reached skill level 11 in Fighting
  8960 | Lair:4   | Reached XP level 13. HP: 74/74 MP: 14/14
  9144 | Lair:4   | Found a transporter.
  9203 | Lair:4   | Found a transporter.
  9629 | Lair:4   | Found a transporter.
  9663 | Lair:5   | Entered Level 5 of the Lair of Beasts
  9768 | Lair:5   | Reached skill level 10 in Axes
  9886 | Lair:5   | Reached ****** piety under Wu Jian
 10056 | Lair:5   | Reached XP level 14. HP: 56/79 MP: 11/15
 10208 | Lair:5   | Reached skill level 5 in Throwing
 10316 | Lair:5   | Identified the +1 robe "Ycuoqig" {Str+3 Stlth+}
 10364 | Lair:5   | Found a staircase to the Slime Pits.
 10575 | Lair:5   | Reached skill level 12 in Fighting
 11388 | Orc:1    | Entered Level 1 of the Orcish Mines
 11551 | Orc:1    | Found a transporter.
 11639 | Orc:2    | Entered Level 2 of the Orcish Mines
 11656 | Orc:2    | Found a staircase to the Elven Halls.
 11736 | Orc:2    | Found a transporter.
 11771 | Orc:2    | Found a transporter.
 11811 | Orc:2    | Found a bloodstained altar of Trog.
 11812 | Orc:2    | Noticed Persephone's ghost (journeyman DsBe)
 11856 | Orc:2    | Found Amucsus's Distillery.
 11857 | Orc:2    | Found Zewyoq's General Store.
 11880 | Orc:2    | Reached XP level 15. HP: 80/84 MP: 16/16
 11973 | Orc:2    | Reached skill level 15 in Axes
 12199 | Orc:2    | Found Xeckukl Falu's Antique Armour Emporium.
 12199 | Orc:2    | Found a one-way gate leading to the halls of Pandemonium.
 12199 | Orc:2    | Found Ruejav's Jewellery Shoppe.
 12209 | Orc:2    | Bought a pair of faintly glowing gloves for 285 gold pieces
 12209 | Orc:2    | Identified the +2 pair of gloves of Subjectivity {Harm
                  | rCorr} (You bought it in a shop on level 2 of the Orcish
                  | Mines)
 12254 | Orc:2    | Bought a potion of haste for 110 gold pieces
 12254 | Orc:2    | Bought a potion of mutation for 88 gold pieces
 12254 | Orc:2    | Bought a scroll of enchant weapon for 82 gold pieces
 12878 | D:12     | Noticed Nessos
 12889 | D:12     | Killed Nessos
 13106 | D:13     | Noticed Erolcha
 13113 | D:13     | Killed Erolcha
 13468 | D:14     | Noticed Lodul
 13475 | D:14     | Killed Lodul
 13540 | D:14     | Identified the +6 dire flail "Pov Cuad" {holy, rElec rC+
                  | MP+9 Dex+3}
 13587 | D:14     | Found a gate to the Vaults.
 13815 | D:14     | Reached skill level 1 in Shields
 13900 | D:15     | Entered Level 15 of the Dungeon
 13902 | D:15     | Noticed Jorgrun
 14173 | D:15     | Reached XP level 16. HP: 80/88 MP: 15/17
 14667 | Lair:2   | Identified a scroll of acquirement
 14667 | Lair:2   | Acquired 1004 gold pieces
 15118 | Lair:4   | Reached skill level 10 in Armour
 15118 | Lair:4   | Reached skill level 10 in Dodging
 15182 | Lair:4   | Noticed Godmorgon's ghost (journeyman TeCj)
 15283 | Lair:4   | Identified the ring "Hath" {Dex+4 SInv}
 15542 | D:10     | Killed Lutefisk's ghost
 15916 | Lair:2   | Reached skill level 5 in Shields
 15918 | Lair:2   | Found a staircase to the Swamp.
 15940 | Swamp:1  | Entered Level 1 of the Swamp
 16065 | Swamp:1  | Reached XP level 17. HP: 93/93 MP: 18/18
 16182 | Swamp:1  | Found a snail-covered altar of Cheibriados.
 16500 | Swamp:2  | Noticed Louise
 16513 | Swamp:2  | Reached skill level 10 in Shields
 16525 | Swamp:2  | Killed Louise
 16694 | Swamp:2  | Identified the +1 ring mail of Space {Will- Int+5 Dex+4}
 17075 | Swamp:4  | Entered Level 4 of the Swamp
 17177 | Swamp:4  | Acquired the +1 pair of gloves "Gimirorosi" {Rampage rElec
                  | Will+ Dex-4}
 17204 | Swamp:4  | Identified the +0 scale mail "Okhaczin" {Str+3 Int+2}
 17243 | Swamp:4  | Noticed Mara
 17257 | Swamp:4  | Reached XP level 18. HP: 55/99 MP: 10/19
 17314 | Swamp:4  | Found the +4 robe of Augmentation {Str+4 Int+4 Dex+4}
 17348 | Swamp:4  | Reached skill level 13 in Fighting
 17599 | Swamp:4  | Noticed the 27-headed Lernaean hydra
 17612 | Swamp:4  | Killed the 26-headed Lernaean hydra
 17736 | Swamp:4  | Got a decaying rune of Zot
 17922 | Snake:1  | Entered Level 1 of the Snake Pit
 18527 | Snake:2  | Reached skill level 14 in Fighting
 19162 | Snake:3  | Identified the +8 falchion "Litior" {vorpal, *Corrode Fly
                  | rN+++ Int-2}
 19268 | Snake:3  | Reached XP level 19. HP: 107/107 MP: 20/20
 19504 | Snake:4  | Entered Level 4 of the Snake Pit
 19623 | Snake:4  | Reached skill level 15 in Fighting
 20271 | Snake:4  | Got a serpentine rune of Zot
 20609 | Elf:1    | Entered Level 1 of the Elven Halls
 20688 | Elf:2    | Paralysed by an air elemental for 1 turns
 20692 | Elf:2    | Paralysed by an air elemental for 1 turns
 20772 | Elf:2    | Reached XP level 20. HP: 114/114 MP: 21/21
 20841 | Elf:2    | Paralysed by an air elemental for 1 turns
 20861 | Elf:2    | Reached skill level 16 in Fighting
 21003 | Elf:3    | Entered Level 3 of the Elven Halls
 21046 | Elf:3    | Found Zyloxu's Jewellery Shoppe.
 21200 | Elf:3    | Acquired the ring "Kataesax" {rC++ rN+++ rCorr EV+4 Int-4}
 21664 | Elf:3    | Identified the +4 plate armour "Iruezuss" {Int+3}
 21669 | Elf:3    | Identified the +4 leather armour "Jyesaz" {rPois Regen+
                  | Dex-5}
 21674 | Elf:3    | Identified the +2 trident of Gluttony {vorpal, rC+}
 21737 | Elf:3    | Identified the +7 falchion of the Shallot {holy, rPois rC++
                  | Str+2}
 21776 | Elf:3    | Identified the +5 scimitar of Agony {vorpal, rPois rN+}
 21777 | Elf:3    | Identified the ring of Efeud {rPois Will++}
 21778 | Elf:3    | Identified the +8 sling "Fofuuv" {vorpal, Will+ Str+3}
 21880 | Elf:3    | Paralysed by an air elemental for 1 turns
 22124 | Elf:1    | Found a runed translucent gate.
 22124 | Elf:1    | Found a runed translucent gate.
 22124 | Elf:1    | Found a runed translucent gate.
 22124 | Elf:1    | Found a runed translucent gate.
 22124 | Elf:1    | Found a runed translucent gate.
 22126 | Elf:1    | Found a runed translucent gate.
 22227 | Elf:1    | Paralysed by an air elemental for 1 turns
 22258 | Elf:1    | Noticed Agnes
 22270 | Elf:1    | Killed Agnes
 22469 | Orc:2    | Killed Persephone's ghost
 22613 | Orc:1    | Found a transporter.
 22613 | Orc:1    | Found a runed translucent door.
 22613 | Orc:1    | Found a bloodstained altar of Trog.
 22613 | Orc:1    | Found the necklace of Bloodlust {*Rage Will++ Int-3 Slay+6}
 22649 | Orc:1    | Reached skill level 17 in Fighting
 22658 | Orc:1    | Identified the +20 crystal plate armour of Intercession
                  | {+Inv}
 22884 | Vaults:1 | Entered Level 1 of the Vaults
 22927 | Vaults:1 | Reached XP level 21. HP: 111/121 MP: 22/22
 22936 | Vaults:1 | Identified the +5 scimitar of the Vanishing Yaks {flame,
                  | *Corrode rPois rF+ Will+}
 23000 | Vaults:1 | Found a magical portal.
 23025 | WizLab   | Entered Cigotuvi's Fleshworks
 23169 | WizLab   | Paralysed by a floating eye for 3 turns
 23185 | WizLab   | Found the -2 hat of the Alchemist {rElec rPois rF+ rC+ rN+
                  | Will+ rMut rCorr}
 23226 | WizLab   | Paralysed by a floating eye for 4 turns
 23237 | WizLab   | Paralysed by a floating eye for 2 turns
 23240 | WizLab   | Paralysed by a floating eye for 4 turns
 23247 | WizLab   | Paralysed by a floating eye for 2 turns
 23315 | WizLab   | Got the Folio of Variation
 23319 | WizLab   | Got the Exposition on Sculpting
 23323 | WizLab   | Got Cigotuvi's Treatise on Evolution and Despicable Deeds
 23522 | WizLab   | Reached skill level 18 in Fighting
 23842 | Vaults:1 | Reached skill level 19 in Fighting
 24244 | Vaults:2 | You fall into a shaft and drop 1 floor!
 24427 | Vaults:2 | Reached skill level 15 in Armour
 24446 | Vaults:2 | Reached skill level 20 in Fighting
 24672 | Vaults:3 | Reached skill level 10 in Evocations
 24674 | Vaults:3 | Reached XP level 22. HP: 133/133 MP: 23/23
 24819 | Vaults:3 | Identified the +10 arbalest of Jugaser {freeze, rElec rPois
                  | rC+ Str-5}
 24894 | Vaults:3 | Found a staircase to the Crypt.
 25148 | Vaults:2 | Found a huge runed gate.
 25148 | Vaults:2 | Found a huge runed gate.
 25148 | Vaults:2 | Found a huge runed gate.
 25148 | Vaults:2 | Found a huge runed gate.
 25148 | Vaults:2 | Found a huge runed gate.
 25149 | Vaults:2 | Found a huge runed gate.
 25149 | Vaults:2 | Found a huge runed gate.
 25149 | Vaults:2 | Found a huge runed gate.
 25149 | Vaults:2 | Found a huge runed gate.
 25150 | Vaults:2 | Found a huge runed gate.
 25329 | Vaults:2 | Identified the +0 broad axe of Bodily Harmony {vorpal,
                  | *Slow Str+4 Dex+7}
 25929 | Vaults:4 | Found Inec Tysiuf's Weapon Boutique.
 25979 | Vaults:4 | Noticed Jory
 26003 | Vaults:4 | Killed Jory
 26166 | Vaults:4 | Noticed Frederick
 26179 | Vaults:4 | Killed Frederick
 26192 | Vaults:4 | Found Utuotoah's General Store.
 26195 | Vaults:4 | Found a gateway to a bazaar.
 26199 | Vaults:4 | Bought a scroll of teleportation for 42 gold pieces
 26206 | Bazaar   | Entered a bazaar
 26207 | Bazaar   | Found Isup's General Store.
 26215 | Bazaar   | Bought a potion of invisibility for 88 gold pieces
 26218 | Bazaar   | Found Suotutet's Jewellery Emporium.
 26229 | Bazaar   | Found Uneppumy's Antique Weapon Boutique.
 26231 | Bazaar   | Found Pugintup's Distillery.
 26250 | Bazaar   | Bought a potion of mutation for 88 gold pieces
 26250 | Bazaar   | Bought a potion of curing for 33 gold pieces
 26250 | Bazaar   | Bought a potion of berserk rage for 55 gold pieces
 26250 | Bazaar   | Bought a potion of curing for 33 gold pieces
 26250 | Bazaar   | Bought 3 potions of lignification for 99 gold pieces
 26250 | Bazaar   | Bought a potion of resistance for 110 gold pieces
 26250 | Bazaar   | Bought a potion of ambrosia for 88 gold pieces
 26250 | Bazaar   | Bought a potion of invisibility for 88 gold pieces
 26253 | Bazaar   | Found Vicereod's Antique Armour Emporium.
 26261 | Bazaar   | Bought a glowing scarf for 224 gold pieces
 26400 | Vaults:5 | Entered Level 5 of the Vaults
 26462 | Vaults:4 | Reached skill level 21 in Fighting
 26472 | Vaults:4 | Reached XP level 23. HP: 137/140 MP: 24/24
 26649 | Vaults:5 | Reached skill level 22 in Fighting
 26669 | Vaults:5 | Found the +3 greatsling "Punk" {acid, rCorr}
 26673 | Vaults:5 | Noticed a dread lich
 26681 | Vaults:5 | Killed a dread lich
 26793 | Vaults:5 | Identified the +3 broad axe of Makhleb, Jumping {drain, rF+
                  | rN+++ Will- SInv}
 26814 | Vaults:5 | Noticed an ancient lich
 26837 | Vaults:5 | Killed an ancient lich
 26873 | Vaults:5 | Reached skill level 23 in Fighting
 26894 | Vaults:5 | Identified the +4 arbalest of Duk Car {elec, rPois rCorr
                  | Int+7 Stlth-}
 26929 | Vaults:5 | Got the Folio of Air and Reformation
 26981 | Vaults:5 | Identified the +1 scale mail of Xom's Condemnation {Dex+5}
 27003 | Vaults:5 | Got a silver rune of Zot
 27036 | Vaults:5 | Found Wamuifuz's Distillery.
 27040 | Vaults:5 | Bought a potion of cancellation for 96 gold pieces
 27040 | Vaults:5 | Bought a potion of magic for 96 gold pieces
 27040 | Vaults:5 | Bought a potion of invisibility for 96 gold pieces
 27040 | Vaults:5 | Bought a potion of curing for 36 gold pieces
 27040 | Vaults:5 | Bought a potion of curing for 36 gold pieces
 27040 | Vaults:5 | Bought a potion of haste for 120 gold pieces
 27040 | Vaults:5 | Bought a potion of cancellation for 96 gold pieces
 27070 | Vaults:5 | Identified the +0 pair of boots of Ynwemnoti {rCorr Str-3
                  | Dex+3 SInv}
 27104 | Vaults:5 | Found Faxis's Distillery.
 27116 | Vaults:5 | Bought a potion of invisibility for 160 gold pieces
 27116 | Vaults:5 | Bought a potion of curing for 60 gold pieces
 27116 | Vaults:5 | Bought a potion of curing for 60 gold pieces
 27116 | Vaults:5 | Bought a potion of berserk rage for 100 gold pieces
 27124 | Vaults:5 | Found Odeept's Distillery.
 27128 | Vaults:5 | Bought a potion of mutation for 80 gold pieces
 27128 | Vaults:5 | Bought a potion of curing for 30 gold pieces
 27128 | Vaults:5 | Bought a potion of invisibility for 80 gold pieces
 27128 | Vaults:5 | Bought a potion of lignification for 30 gold pieces
 27128 | Vaults:5 | Bought a potion of mutation for 80 gold pieces
 27128 | Vaults:5 | Bought a potion of mutation for 80 gold pieces
 27540 | Lair:3   | Killed Rupert
 27603 | Slime:1  | Entered Level 1 of the Pits of Slime
 27638 | Slime:3  | Noticed Dissolution
 27642 | Slime:3  | Paralysed by a floating eye for 3 turns
 27646 | Slime:3  | Killed Dissolution
 27693 | Slime:5  | Entered Level 5 of the Pits of Slime
 27853 | Slime:5  | Reached XP level 24. HP: 151/151 MP: 24/24
 27918 | Slime:5  | Found a viscous altar of Jiyva.
 27922 | Slime:5  | Found the +5 demon whip "Spellbinder" {antimagic, Will+}
 27970 | Slime:5  | Noticed the Royal Jelly
 28071 | Slime:5  | Killed the Royal Jelly
 28072 | Slime:5  | Reached skill level 24 in Fighting
 28103 | Slime:5  | Got a slimy rune of Zot
 28180 | Slime:5  | Identified the +1 buckler of Foolhardiness {Contam rElec
                  | rN+++ Will-}
 28229 | Slime:4  | Gained mutation: You are clumsy. (Dex -2) [a shining eye]
 28612 | D:15     | Found a staircase to the Depths.
 28619 | Depths:1 | Entered Level 1 of the Depths
 28625 | Depths:1 | Reached skill level 15 in Shields
 29066 | Depths:1 | Found a one-way gateway to a ziggurat.
 29198 | Depths:1 | Found a gateway to Hell.
 29231 | Hell     | Entered the Vestibule of Hell
 29231 | Hell     | Noticed Geryon
 29401 | Depths:2 | Got the Folio of the Entourage
 29447 | Depths:2 | Noticed Vv
 29509 | Depths:1 | Killed Vv
 29679 | Depths:2 | Found a snail-covered altar of Cheibriados.
 29841 | Depths:2 | Reached XP level 25. HP: 156/156 MP: 24/24
 30054 | Depths:3 | Found a glowing silver altar of Zin.
 30054 | Depths:3 | Found a glowing golden altar of the Shining One.
 30055 | Depths:3 | Found a white marble altar of Elyvilon.
 30085 | Depths:3 | Identified the +5 shortbow of Laceration {freeze, Str+10}
 30216 | Depths:3 | Found a one-way gate to the infinite horrors of the Abyss.
 30226 | Depths:3 | Voluntarily entered the Abyss.
 30492 | Abyss:3  | Found an ornate altar of the Wu Jian Council.
 30693 | Abyss:3  | Lost intelligence.
 30847 | Abyss:4  | Got an abyssal rune of Zot
 30953 | Depths:3 | Escaped the Abyss
 31049 | Pan      | Entered Pandemonium
 31197 | Pan      | Noticed Meifiy the pandemonium lord
 31223 | Pan      | Killed Meifiy the pandemonium lord
 31398 | Pan      | Found a runed translucent door.
 31415 | Pan      | Got a demonic rune of Zot
 31490 | Pan      | Found an exit through the horrors of the Abyss.
 31600 | Pan      | Found a huge runed translucent gate.
 31601 | Pan      | Found a huge runed translucent gate.
 31752 | Pan      | Entered the realm of Gloorx Vloq.
 31755 | Pan      | Identified the +4 trident of Afroifef {venom, *Rage rC+++
                  | rCorr Dex-2}
 31979 | Pan      | Reached XP level 26. HP: 145/161 MP: 22/24
 31994 | Pan      | Noticed Gloorx Vloq
 32206 | Pan      | Killed Gloorx Vloq
 32256 | Pan      | Got a dark rune of Zot
 32458 | Pan      | Reached skill level 10 in Throwing
 32480 | Pan      | Found an exit through the horrors of the Abyss.
 32490 | Depths:3 | Escaped Pandemonium
 32493 | Pan      | Entered Pandemonium
 32778 | Pan      | Noticed Ekinan the pandemonium lord
 32812 | Pan      | Killed Ekinan the pandemonium lord
 32933 | Pan      | Entered the realm of Cerebov.
 32941 | Pan      | Found the +6 sword of Cerebov {flame}
 32941 | Pan      | Noticed Cerebov
 33087 | Pan      | Identified the +6 quarterstaff of Zeffagim {vorpal, Will+
                  | Int+4}
 33153 | Pan      | Got the Collected Works on Vexing Minerals
 33193 | Pan      | Identified the +7 halberd "Ovet" {freeze, Int+2}
 33229 | Pan      | Got a fiery rune of Zot
 33260 | Pan      | Killed Cerebov
 33346 | Pan      | Found an exit through the horrors of the Abyss.
 33521 | Pan      | Entered the realm of Mnoleg.
 33626 | Pan      | Noticed Mnoleg
 33702 | Pan      | Killed Mnoleg
 33761 | Pan      | Reached XP level 27. HP: 166/166 MP: 24/24
 33784 | Pan      | Got a glowing rune of Zot
 34156 | Pan      | Entered the realm of Lom Lobon.
 34309 | Pan      | Noticed Lom Lobon
 34344 | Pan      | Killed Lom Lobon
 34359 | Pan      | Got a magical rune of Zot
 34476 | Pan      | Found an exit through the horrors of the Abyss.
 34940 | Pan      | Found a glowing silver altar of Zin.
 35235 | Pan      | Acquired 1063 gold pieces
 36210 | Depths:3 | Escaped Pandemonium
 36305 | Depths:4 | Entered Level 4 of the Depths
 36616 | Depths:4 | Reached skill level 25 in Fighting
 36621 | Depths:4 | Found a gate to the Realm of Zot.
 36627 | Zot:1    | Entered Level 1 of the Realm of Zot
 36691 | Zot:1    | You fall into a shaft and drop 1 floor!
 37083 | Zot:3    | Reached skill level 26 in Fighting
 37213 | Zot:5    | Entered Level 5 of the Realm of Zot
 37397 | Zot:5    | Noticed a dread lich
 37426 | Zot:5    | Killed a dread lich
 37439 | Zot:5    | Noticed an orb of fire
 37463 | Zot:5    | Killed an orb of fire
 37488 | Zot:5    | Noticed an orb of fire
 37488 | Zot:5    | Noticed an orb of fire
 37497 | Zot:5    | Gained mutation: Your magical capacity is low. (-10% MP)
                  | [an orb of fire]
 37511 | Zot:5    | Killed an orb of fire
 37599 | Zot:5    | Gained mutation: Your magical capacity is very low. (-20%
                  | MP) [an orb of fire]
 37615 | Zot:5    | Killed an orb of fire
 37627 | Zot:5    | Reached skill level 27 in Fighting
 37682 | Zot:5    | Noticed an orb of fire
 37683 | Zot:5    | Noticed a dread lich
 37691 | Zot:5    | Gained mutation: You are very clumsy. (Dex -4) [an orb of
                  | fire]
 37692 | Zot:5    | Killed a dread lich
 37751 | Zot:5    | Killed an orb of fire
 38109 | Zot:1    | Identified the +7 battleaxe "Tynetret" {vorpal, rElec Str+3
                  | Int+4}
 38272 | Depths:3 | Fell from the grace of Wu Jian
 38272 | Depths:3 | Became a worshipper of the Shining One
 38272 | Depths:3 | Was placed under penance by the Shining One
 38957 | Crypt:1  | Entered Level 1 of the Crypt
 39081 | Crypt:1  | Was forgiven by the Shining One
 39101 | Crypt:1  | Found a basalt altar of Yredelemnul.
 39149 | Crypt:1  | Identified the +3 scale mail of the Cooper {Dex+5}
 39222 | Crypt:1  | Reached * piety under the Shining One
 39224 | Crypt:1  | Reached skill level 1 in Invocations
 39454 | Crypt:2  | Reached ** piety under the Shining One
 39527 | Crypt:2  | Reached *** piety under the Shining One
 39561 | Crypt:2  | Reached skill level 5 in Invocations
 40037 | Crypt:3  | Entered Level 3 of the Crypt
 40057 | Crypt:3  | Reached **** piety under the Shining One
 40252 | Crypt:3  | Reached ***** piety under the Shining One
 40546 | Crypt:3  | Found a staircase to the Tomb.
 40557 | Tomb:1   | Entered Level 1 of the Tomb of the Ancients
 40694 | Tomb:1   | Reached ****** piety under the Shining One
 40717 | Tomb:1   | Noticed a royal mummy
 40730 | Tomb:1   | Killed a royal mummy
 40791 | Tomb:1   | Noticed a royal mummy
 40805 | Tomb:1   | Killed a royal mummy
 40806 | Tomb:1   | Reached skill level 10 in Invocations
 40856 | Tomb:1   | Noticed a royal mummy
 40869 | Tomb:1   | Killed a royal mummy
 41243 | Crypt:3  | Identified a +9 broad axe of holy wrath (a +9 broad axe of
                  | freezing blessed by the Shining One)
 41243 | Crypt:3  | Received a gift from the Shining One
 41244 | Crypt:3  | Noticed an ancient lich
 41254 | Crypt:3  | Noticed an ancient lich
 41255 | Crypt:3  | Noticed an ancient lich
 41257 | Crypt:3  | Killed an ancient lich
 41266 | Crypt:3  | Killed an ancient lich
 41277 | Crypt:3  | Killed an ancient lich
 41288 | Crypt:3  | Identified the amulet of Otikese {RegenMP Stlth+}
 41485 | Vaults:4 | Found Beepahupp's Assorted Antiques.
 41547 | Vaults:5 | Bought a potion of attraction for 30 gold pieces
 41887 | Hell     | Killed Geryon
 41910 | Hell     | Found a gateway to the freezing wastes of Cocytus.
 41936 | Hell     | Found a gateway to the decaying netherworld of Tartarus.
 41964 | Tar:1    | Entered Level 1 of Tartarus
 42343 | Tar:5    | Reached skill level 15 in Invocations
 42377 | Tar:6    | HP: 6/155 [poison (dark miasma)]
 42378 | Tar:6    | Succumbed to poison (dark miasma)

Illustrated notes

Levels and vault maps discovered:
D:1:      dpeg_arrival_pits, layout_loops_corners
D:2:      layout_loops_ring, basic_ecumenical_altar, basic_altar, uniq_natasha,
          uniq_crazy_yiuf_cottage, uniq_robin
D:3:      layout_rooms, mainiacjoe_overflow_small_starburst,
          minmay_quadrilaterals
D:4:      layout_loops_ring, mainiacjoe_overflow_alcove_1, zin_academy,
          minmay_temple_entry_poolview
D:5:      wander_river, layout_loops_corners,
          gammafunk_temple_overflow_elements, enter_ossuary_4, serial_shops,
          nicolae_shop_statue_plus, uniq_eustachio, uniq_ijyb
D:6:      layout_loops_cross, nicolae_elyvilon_peaceful_grove, serial_shops,
          nicolae_shop_advertising_works [nicolae_subvault_shop_adworks],
          nicolae_shop_bloodbath_and_beyond, shop, nicolae_shop_window_shopping
D:7:      layout_rooms, kennysheep_mini, uniq_pikel
D:8:      layout_basic, nicolae_hepliaklqana_hazy_memory
D:9:      layout_cave_pools, fedhas_altar_2, lemuel_coloured_pillars_altar
D:10:     layout_irregular_city, xom_redecorated, kennysheep_vampire_church,
          david_orc_2, gammafunk_ghost_nasty_kobolds, serial_shops,
          nicolae_stop_n_shop_1
D:11:     layout_irregular_city, erik_lair_dragon
D:12:     layout_basic, uniq_nessos
D:13:     layout_rooms, uniq_erolcha
D:14:     layout_roguey, erik_vaults_1, uniq_lodul
D:15:     grunt_enter_depths_magical_seal, layout_loops_ring,
          small_chamber_with_monster, uniq_jorgrun
Temple:   zaba_magenta_temple
Lair:1:   layout_roguey, grunt_forest_large_clearing_hut
Lair:2:   layout_roguey, palyth_hydra_swamp_entry,
          minmay_snake_entry_spellcaster, gauntlet_entry_generic,
          grunt_megastairs_5, uniq_maggie
Lair:3:   layout_loops_ring, uniq_rupert, uniq_urug
Lair:4:   gammafunk_worm_tunnel, layout_cave_pods, gammafunk_ghost_hive,
          dreamdust_gnoll_shepherd
Lair:5:   grunt_lair_end_beastmaster, layout_concentric_octagons,
          nicolae_slime_entry_slimehenge, grunt_megastairs_4
Swamp:1:  layout_basic_swamp, basic_altar
Swamp:2:  layout_basic_swamp, nicolae_swamp_stair_fork, uniq_louise
Swamp:3:  layout_basic_swamp, hangedman_swamp_diagram
Swamp:4:  swamp_old_school, layout_basic_swamp, uniq_mara
Snake:1:  layout_honeycomb, lemuel_fruit_tree
Snake:2:  layout_rooms
Snake:3:  layout_gridlike, grunt_megastairs_3
Snake:4:  minmay_snake_end_coiled, layout_basic, drop_trap
Slime:1:  layout_caves, cheibrodos_slime_lost_civilization_4
Slime:2:  layout_caves
Slime:3:  cheibrodos_slime_lost_civilization_10, layout_caves,
          dissolution_awaits
Slime:4:  layout_caves
Slime:5
Orc:1:    emtedronai_trogs_sanctum, layout_diamond_mine
Orc:2:    pf_orc_diabolical, layout_caves, gammafunk_ghost_wrathful_warriors,
          basic_altar
Elf:1:    minmay_elf_arrival_plus, layout_onion_city, orc_legates, uniq_agnes
Elf:2:    elven_hall_of_blades_hangedman_original [nicolae_blade_bullseye],
          layout_geoelf_octagon
Elf:3:    elf_hall, layout_gridlike, serial_shops, nicolae_shop_behind_doors,
          serial_sigils_hangedman_confine
Vaults:1: infiniplex_enter_wizlab_glasses, hangedman_vaults_slice,
          grunt_vaults_trifunnel, vaults_room_door_hall,
          nicolae_vaults_little_squares_5, vaults_dpeg_hooks, v_misc_18,
          vaults_dpeg_spiral, grunt_vaults_diagonal,
          nicolae_vaults_statue_guard, vaults_room_stairs_pillars, v_misc_12,
          nicolae_vaults_rhombus_5, ontoclasm_vaults_twist, layout_vaults_ring
Vaults:2: v_misc_22, hangedman_vaults_nails, ontoclasm_vaults_misaligned,
          vaults_dpeg_encased_lava, nicolae_vaults_circle_grid_b, v_misc_16,
          vaults_mumra_minichess, vaults_dpeg_diagonal, not_door_vault_due,
          nicolae_vaults_ninety_degrees, grunt_vaults_hallway_short, v_misc_16,
          nicolae_vaults_network_s, nicolae_vaults_little_ls,
          layout_vaults_omnibox
Vaults:3: minmay_crypt_entry_simple_plaza, nicolae_vaults_diagonal_hallway_7,
          ontoclasm_vaults_bender, nicolae_vaults_shelves_hall,
          vaults_dpeg_emergency_exit, nicolae_vaults_yaktaur_gun_rack,
          nicolae_vaults_network_periphery, ontoclasm_vaults_decontamination,
          hangedman_vaults_maws, layout_vaults_omnigrid
Vaults:4: vaults_mumra_minichess_inversion, nicolae_vaults_holding_cells,
          vaults_room_door_ring, vaults_dpeg_ring, nicolae_vaults_specimen_jars,
          ontoclasm_vaults_ligature, ontoclasm_vaults_idyll,
          vaults_room_door_ring, ontoclasm_vaults_gateway,
          nicolae_vaults_mini_display_case, v_misc_29, vaults_room_corners,
          v_misc_25, layout_vaults_omnicross, serial_shops, bzr_entry_dummy,
          shop_statue, shop, shop_fountains, uniq_aizul, uniq_frederick,
          uniq_jory, uniq_margery
Vaults:5
Crypt:1:  layout_rooms, basic_altar, skrybe_necro_troll_2
Crypt:2:  layout_misc_corridors
Crypt:3:  david_glass_crypt, layout_gridlike,
          nicolae_tomb_entry_unfolded_pyramid_diagonal,
          minmay_guarded_unrand_vampires_tooth
Tomb:1
Depths:1: layout_gridlike, enter_ziggurat_a, grunt_metal_band, serial_bayou,
          serial_bayou_shore_a, serial_bayou_lake_a, serial_bayou_crossing,
          serial_bayou_pond_c, feat_on_display
Depths:2: minmay_connected_triangles_in_corner, layout_gridlike,
          hangedman_coc_ice_floe, rand_demon_pan_entry_9, cheibriados_altar_1,
          minmay_staircase_bubble, uniq_vv
Depths:3: minmay_spriggan_fort, layout_gridville, rand_demon_pan_entry_4,
          hell_entry, abyss_entry, good_gods_mini_temple, firewood_loft
Depths:4: evilmike_zot_entry_gauntlet, layout_cave_shapes, hell_entry,
          nicolae_two_hexagons
Hell
Tar:1:    layout_grid_maze, nicolae_hells_seeping_fissure
Tar:2:    layout_grid_maze
Tar:3:    layout_catacombs
Tar:4:    layout_catacombs, nicolae_tar_four_comb_rooms
Tar:5:    layout_grid_maze
Tar:6:    layout_grid_maze
Zot:1:    layout_cathedral_of_symmetry, amethyst_zot_foddershock
Zot:2:    gammafunk_sealed_library, layout_onion_interference,
          st_small_dragon_hoard_2
Zot:3:    kennysheep_blocky_hall, layout_twisted_circle
Zot:4:    layout_basic, st_small_dragon_hoard_3, st_stairs_12,
          hangedman_zot_diagonal_lockstep
Zot:5:    layout_concentric_octagons

Skill      XL: |  1  2  3  4  5  6  7  8  9 10 11 12 13 14 15 16 17 18 19 20 21 22 23 24 25 26 27 |
---------------+----------------------------------------------------------------------------------+-----
Stealth        | 5 6 8 10 12 14 | 14.0
Fighting       | 2 4 5 7 8 9 10 11 12 14 15 17 20 21 23 24 27 | 27.0
Throwing       | 2 3 4 5 6 8 10 | 10.0
Dodging        | 1 2 3 4 6 7 8 9 10 11 12 14 | 14.0
Evocations     | 2 3 4 5 6 7 10 12 | 12.0
Short Blades   | 2 |  2.0
Armour         | 3 5 7 8 9 10 12 13 15 18 19 21 24 | 24.0
Axes           | 3 5 10 14 16 18 | 18.0
Shields        | 1 8 10 14 15 17 21 | 21.0
Invocations    | 15 | 15.0

Action                   |  1- 3 |  4- 6 |  7- 9 | 10-12 | 13-15 | 16-18 | 19-21 | 22-24 | 25-27 || total
-------------------------+-------+-------+-------+-------+-------+-------+-------+-------+-------++-------
Melee: Dagger            |    71 |    53 |   164 |   423 |   148 |     4 |       |       |       ||   863
       Bite              |    13 |    13 |    99 |   216 |   374 |   373 |   578 |   703 |  1937 ||  4306
       Punch             |     1 |     1 |     4 |    11 |    10 |       |       |       |       ||    27
       Rapier            |       |       |   158 |    22 |       |       |       |       |       ||   180
       Falchion          |       |       |       |    19 |       |       |       |       |       ||    19
       Mace              |       |       |       |    35 |       |       |       |       |       ||    35
       Scimitar          |       |       |       |    20 |       |       |       |       |       ||    20
       Broad axe         |       |       |       |    19 |   785 |   758 |  1318 |  1394 |  3655 ||  7929
       Hand axe          |       |       |       |       |       |    99 |       |       |       ||    99
Throw: Dart              |     4 |     2 |    16 |    18 |       |     5 |       |       |     1 ||    46
       Javelin           |       |       |     1 |    13 |    10 |       |    15 |       |    11 ||    50
       Throwing net      |       |       |       |       |       |       |       |     1 |     1 ||     2
Invok: Lunge             |       |     5 |    21 |    31 |    68 |    24 |       |       |     1 ||   150
       Whirlwind         |       |       |    41 |   152 |   178 |    83 |    65 |    39 |   171 ||   729
       Cleansing Flame   |       |       |       |       |       |       |       |       |     3 ||     3
       Divine Shield     |       |       |       |       |       |       |       |       |     1 ||     1
       Brand Weapon With |       |       |       |       |       |       |       |       |     1 ||     1
Evoke: Wand              |       |       |       |    22 |     7 |     2 |     4 |       |     1 ||    36
       Phantom mirror    |       |       |       |     1 |     2 |     2 |     1 |     1 |     5 ||    12
       Box of beasts     |       |       |       |     1 |     2 |     1 |     1 |     1 |     2 ||     8
       Lightning rod     |       |       |       |       |       |       |     8 |       |       ||     8
       Condenser vane    |       |       |       |       |       |       |       |       |     1 ||     1
  Use: Scroll            |       |       |     7 |    16 |     9 |    11 |    16 |     5 |    14 ||    78
       Potion            |       |       |       |     3 |     1 |     2 |     1 |     3 |     7 ||    17
 Stab: Sleeping          |     7 |     7 |    34 |    41 |    25 |     7 |       |       |       ||   121
       Distracted        |       |       |       |     2 |     8 |     5 |     1 |     1 |     4 ||    21
       Invisible         |       |       |       |     1 |       |       |       |       |       ||     1
       Petrified         |       |       |       |       |    20 |       |       |       |       ||    20
       Petrifying        |       |       |       |       |     6 |       |       |       |       ||     6
       Confused          |       |       |       |       |       |     3 |       |       |       ||     3
Armor: Robe              |    12 |       |       |       |       |       |       |       |       ||    12
       Leather armour    |       |    22 |    70 |    43 |       |       |       |       |       ||   135
       Troll leather arm |       |       |       |    83 |   255 |    41 |       |       |       ||   379
       Gold dragon scale |       |       |       |       |       |   566 |   477 |    91 |    33 ||  1167
       Crystal plate arm |       |       |       |       |       |       |   300 |   793 |  1928 ||  3021
Dodge: Dodged            |    26 |    16 |   144 |   375 |   746 |   387 |   370 |   480 |  1320 ||  3864
Block: Buckler           |       |       |       |       |     7 |   304 |       |       |       ||   311
       Tower shield      |       |       |       |       |       |    79 |  1728 |  1954 |  4648 ||  8409
